Unix NetHack Version 5.0.0-0 post-release - last build Jun 10 2026 00:39:30 (3ee93aec679c4c4259841fe613dc97188e26a321,branch:main).

Game began 2026-06-18 13:44:38, ended 2026-06-18 14:13:30.

Ch3Begorrah, chaotic male human Rogue

                                                    ------    ---------
                                            ########.....|    |.......|
 --------                               -------     |....|    |.......|
 |......|                 --------   ###......|     |....|   #........|
 |......|                 |......|   #  |.....|     |.....####|....`(@|
 |.......###########*## ##+......|   #  |.....|     --|---    ----)----
 |......|             ### |.<....|   #  ----.--     ### #       # ####
 |......|              0##.......|   #   #  ###   ###                #
 |......|               # --.-----   #        #######                #
 --.-----               #   ##       #           ## #                ###
   #           ------ ###    #       #        ####  #              ----.-----
   ##          |....| #      #       #    ----+-----|--            |........|
    #          |....| #      #       #    |...........|            |.....$..|
    # #       #+...`|#####################|...........|            |........|
   -.---      #|.....#         -+----#    |......{....|       #####.........|
   |...|#######------#         |.....#    -------------            |...`....|
   |....##############         |....|                              ----------
   |...|                       |....|                                  #
   -----                       ------
      #
Ch3Begorrah the Rogue   St:9 Dx:18 Co:17 In:12 Wi:11 Ch:9  Chaotic
Dlvl:10 $:259 HP:0(51) Pw:39(39) AC:6  Xp:6 T:4203 

Latest messages:
 The dagger hits the water moccasin!
 The water moccasin bites!
 The water moccasin bites!
 The water moccasin bites!
 The water moccasin bites!
 The water moccasin bites!
 The water moccasin bites!
 The water moccasin bites!
 There is a fountain here.
 Drink from the fountain? [yn] (n) y
 This tepid water is tasteless.
 The fountain dries up!
 The water moccasin bites!
 The water moccasin bites!
 The water moccasin bites!
 The water moccasin bites!
 The water moccasin bites!
 The water moccasin bites!
 The water moccasin bites!
 The water moccasin's bite was poisoned!
 Your movements are slowed slightly because of your load.
 You feel weaker!
 What do you want to write with? [- gjnqyQX or ?*] -
 You write in the dust with your fingertip.
 What do you want to write in the dust here? Elbereth
 The water moccasin turns to flee.
 The water moccasin turns to flee.
 The water moccasin turns to flee.
 The water moccasin turns to flee.
 The water moccasin turns to flee.
 The water moccasin turns to flee.
 What do you want to put on? [nq or ?*] ?
 Which ring-finger, Right or Left? [rl] l
 You cannot remove your gloves to put on the ring.
 What do you want to use or apply? [efsES or ?*] f
 The water moccasin turns to flee.
 The water moccasin strikes at your displaced image and misses you!
 The water moccasin strikes at your displaced image and misses you!
 What do you want to write with? [- gjnqyQX or ?*] -
 You write in the dust with your fingertip.
 What do you want to write in the dust here? ELbereth
 The water moccasin turns to flee.
 The water moccasin turns to flee.
 The water moccasin turns to flee.
 What do you want to drop? [$ac-km-suyAD-FINQSWX or ?*] S
 You drop a pick-axe.
 Your movements are now unencumbered.
 You fall down the stairs.
 You die...
 Do you want your possessions identified? [ynq] (y) q

Inventory:
 Coins    ('$')
  $ - 259 gold pieces
 Weapons  (')')
  Q - 8 +1 daggers (at the ready)
  g - a rusty +1 dagger (weapon in right hand)
 Armor    ('[')
  D - an uncursed +0 orcish helm (being worn)
  p - an uncursed +0 pair of gauntlets of dexterity
  F - a cursed -1 pair of gauntlets of fumbling (being worn)
  o - a cursed -1 cloak of displacement (being worn)
  a - an uncursed +0 cloak of protection
  c - an uncursed +1 leather armor (being worn)
 Comestibles  ('%')
  h - 3 uncursed food rations
 Scrolls  ('?')
  u - a blessed scroll of blank paper
 Potions  ('!')
  I - a cursed potion of booze
  A - an uncursed potion of gain ability
  r - an uncursed potion of paralysis
  i - a cursed potion of paralysis
  m - a blessed potion of see invisible
  k - an uncursed potion of see invisible
  d - an uncursed potion of sickness
  W - an uncursed potion of water
  N - a potion of unholy water named curseed
 Rings    ('=')
  n - an uncursed ring of conflict named ok
  q - an uncursed ring of sustain ability
 Tools    ('(')
  f - an uncursed sack containing 1 item
  e - an uncursed lock pick
  E - an uncursed tin whistle
  s - a +0 unicorn horn
 Gems/Stones  ('*')
  y - an uncursed obsidian stone
  X - an uncursed worthless piece of orange glass
  j - 4 uncursed worthless pieces of white glass

Contents of the sack:
  122 gold pieces

Ch3Begorrah the Rogue's attributes:

Background:
 You were a Rogue, level 6 male human.
 You were chaotic, nominally on a mission for Kos
 who was opposed by Issek (lawful) and Mog (neutral).
 You were right-handed.
 You were in the Dungeons of Doom, on level 10.
 You entered the dungeon 4203 turns ago.
 You had 447 experience points, 193 more were needed to attain level 7.

Basics:
 You had 0 out of 51 hit points.
 You had all 39 energy points (spell power).
 Your armor class was 6.
 Your wallet contained 259 zorkmids, and
 you had 122 more stashed away in your pack.
 Autopickup was on for '$!/(' plus thrown, with exceptions.

Final Characteristics:
 Your strength was 9 (peak:12, limit:18/100).
 Your dexterity was 18 (limit:18).
 Your constitution was 17 (limit:18).
 Your intelligence was 12 (limit:18).
 Your wisdom was 11 (limit:18).
 Your charisma was 9 (limit:18).

Final Status:
 You fumbled.
 You weren't hungry.
 You were unencumbered.
 You were wielding a dagger.
 You were skilled in dagger.

Final Attributes:
 You were piously aligned.
 You were displaced.
 You were stealthy.
 You were warded.
 You are dead.

Miscellaneous:
 You didn't encounter any bones levels.
 Total elapsed playing time was 28 minutes and 52 seconds.

Major events:
 Turn
    1: Ch3Begorrah the chaotic male human Rogue entered the dungeon
 1033: attained the rank of Cutpurse (level 3)
 1985: entered the Gnomish Mines
 3080: attained the rank of Rogue (level 6)
 4203: killed by tumbling down a flight of stairs

You didn't know any spells.

Skills:
 Fighting Skills
   bare handed combat [Unskilled]
   two weapon combat  [Unskilled]
   riding             [Unskilled]
 Weapon Skills
   dagger             [Skilled]
   knife              [Unskilled]
   short sword        [Basic]
   broadsword         [Unskilled]
   long sword         [Unskilled]
   two-handed sword   [Unskilled]
   saber              [Unskilled]
   club               [Unskilled]
   mace               [Unskilled]
   morning star       [Unskilled]
   flail              [Unskilled]
   hammer             [Unskilled]
   polearms           [Unskilled]
   spear              [Unskilled]
   crossbow           [Unskilled]
   dart               [Unskilled]
   shuriken           [Unskilled]
 Spellcasting Skills
   divination spells  [Unskilled]
   escape spells      [Unskilled]
   matter spells      [Unskilled]

Voluntary challenges:
 Character rerolling was not enabled.
 You followed a strict vegan diet.
 You were an atheist.
 You never genocided any monsters.
 You never polymorphed an object.
 You never changed form.
 You used no wishes.
Achievements:
 You entered a shop.
 You attained the rank of Cutpurse.
 You entered the Gnomish Mines.
 You attained the rank of Rogue.

 The Dungeons of Doom: levels 1 to 10
    Level 1:
       A fountain.
    Level 2:
       A general store.
    Level 3:
       A fountain.
    Level 4:
       A potion shop.
       Stairs down to The Gnomish Mines.
    Level 5:
       A general store.
    Level 6:
    Level 7:
       Many fountains.
       Oracle of Delphi.
    Level 8:
       A grave.
    Level 9:
       A fountain.
    Level 10: <- You were here.
       Final resting place for
          you, killed by tumbling down a flight of stairs.
 The Gnomish Mines:
    Level 5:


Vanquished creatures:
  a giant beetle
 an orc mummy
  a dwarf mummy
  a gold golem
  a dog
  a gray unicorn
  a water nymph
  3 Mordor orcs
  a shrieker
  a kobold mummy
  a paper golem
  4 floating eyes
  a dwarf
  a hill orc
  3 rothes
  2 giant bats
  a monkey
  a werejackal
  4 iguanas
  a hobgoblin
  3 giant rats
  a cave spider
  a yellow mold
  a green mold
  3 gnomes
  2 garter snakes
  a gnome zombie
  5 geckos
  7 jackals
  a goblin
  4 sewer rats
  4 grid bugs
  7 lichens
  a kobold zombie
  4 newts
76 creatures vanquished.

No species were genocided or became extinct.

Game over:
                       ----------
                      /          \
                     /    REST    \
                    /      IN      \
                   /     PEACE      \
                  /                  \
                  |   Ch3Begorrah    |
                  |      381 Au      |
                  |    killed by     |
                  | tumbling down a  |
                  | flight of stairs |
                  |                  |
                  |       2026       |
                 *|     *  *  *      | *
        _________)/\\_//(\/(/\)/\//\/|_)_______

Goodbye Ch3Begorrah the Rogue...

You died in The Dungeons of Doom on dungeon level 10 with 2651 points,
and 381 pieces of gold, after 4203 moves.
You were level 6 with a maximum of 51 hit points when you died.

